 Dungeon Crawl Stone Soup version 0.19.1 (webtiles) character file.

65 FloraKitsune the Charmwright (level 4, -2/29 HPs)
             Began as a Halfling Skald on Dec 3, 2016.
             Slain by Crazy Yiuf
             ... wielding a +3 quarterstaff of chaos
              (4 damage)
             ... on level 2 of the Dungeon.
             The game lasted 00:03:27 (2255 turns).

FloraKitsune the Charmwright (Halfling Skald)       Turns: 2255, Time: 00:03:28

Health: -2/29      AC:  3    Str: 13    XL:     4   Next: 35%
Magic:  0/6        EV: 19    Int: 10    God:
Gold:   111        SH:  0    Dex: 19    Spells: 1 memorised, 5 levels left

rFire  . . .     SeeInvis .     a - +0 falchion
rCold  . . .     Gourm    .     b - +0 leather armour
rNeg   . . .     Faith    .     (shield restricted)
rPois  .         Spirit   .     (no helmet)
rElec  .         Reflect  .     (no cloak)
rCorr  .         Harm     .     (no gloves)
MR     .....                    (no boots)
Stlth  ++........               (no amulet)
                                (no ring)
                                (no ring)

@: agile, infused
A: mutation resistance 1
a: no special abilities


You were on level 2 of the Dungeon.
You were hungry.

You visited 1 branch of the dungeon, and saw 2 of its levels.

You collected 111 gold pieces.

Inventory:

Hand Weapons
 a - a +0 falchion (weapon)
Missiles
 e - 69 stones (quivered)
 p - 23 sling bullets
Armour
 b - a +0 leather armour (worn)
Jewellery
 q - an uncursed amulet of magic regeneration {unknown}
 v - a cursed ring of loudness {unknown}
Scrolls
 f - a scroll of teleportation {unknown}
 g - 2 scrolls of identify {unknown}
 h - 3 scrolls of random uselessness {unknown}
 k - a scroll of remove curse {unknown}
 m - a scroll of enchant armour {unknown}
 n - a scroll of noise {unknown}
 r - a scroll of fear {unknown}
 t - 3 scrolls of enchant weapon {unknown}
Potions
 l - a potion of heal wounds
 s - a potion of flight {unknown}
 u - a potion of haste {unknown}
Books
 c - a book of Battle

   Spells                             Type                      Level
   a - Infusion                       Charms                       1
   b - Shroud of Golubria             Charms/Translocation         2
   c - Song of Slaying                Charms                       2
   d - Spectral Weapon                Hexes/Charms                 3
   e - Regeneration                   Charms/Necromancy            3
Comestibles
 d - 3 bread rations
 i - 3 beef jerkies
 o - 2 meat rations


   Skills:
 - Level 2.0 Fighting
 + Level 3.7 Long Blades
 - Level 1.2 Armour
 - Level 1.1 Dodging
 - Level 1.5 Spellcasting
 - Level 3.7 Charms


You had 5 spell levels left.
You knew the following spells:

 Your Spells              Type           Power        Failure   Level  Hunger
a - Infusion              Chrm           #...         12%         1    ##.....


Dungeon Overview and Level Annotations

Branches:
Dungeon (2/15)

Altars:

Annotations:
D:2 Crazy Yiuf


Innate Abilities, Weirdness & Mutations

You are small and have problems with some larger weapons.
You are somewhat resistant to further mutation.


Message History

Confirm with . or Enter, or press ? or * to list all spells.
You begin infusing your attacks with magical energy.
You barely miss Crazy Yiuf.
Crazy Yiuf hits you with a quarterstaff of chaos.
You barely miss Crazy Yiuf.
Crazy Yiuf hits you with a quarterstaff of chaos!
You feel your power leaking away.
You hit Crazy Yiuf.
Crazy Yiuf is lightly wounded.
Crazy Yiuf closely misses you.
You hit Crazy Yiuf.
Crazy Yiuf is lightly wounded.
Crazy Yiuf says, "Snower blue Xom!"
Crazy Yiuf completely misses you.
You closely miss Crazy Yiuf.
Crazy Yiuf is lightly wounded.
Crazy Yiuf hits you with a quarterstaff of chaos!
* * * LOW HITPOINT WARNING * * *
Space bends around you.
You die...

#...........
.###...........
#..............#
########.<.....#
#.......#
#######.......# ###
###.#..#.##.#....
#...##..#.)....#.#....
#...g@####P........#..
#)..### ##P#......##.
### ####........
#....###. #....# #.
### ##....#### #.##
#......### #..#
#.......## ##.#
#.....#..#


You could see Crazy Yiuf.

Vanquished Creatures
  2 adders (D:2)
  3 worms (D:2)
  A dart slug (D:1)
  A leopard gecko (D:2)
  2 giant cockroaches (D:1)
  3 goblins
  6 hobgoblins
  7 bats
  4 frilled lizards
  3 kobolds
  6 rats
38 creatures vanquished.

Notes
Turn   | Place    | Note
-------+----------+-------------------------------------------
     0 | D:1      | FloraKitsune the Halfling Skald began the quest for the Orb.
     0 | D:1      | Reached XP level 1. HP: 14/14 MP: 3/3
   133 | D:1      | Reached XP level 2. HP: 19/19 MP: 4/4
   954 | D:2      | Reached XP level 3. HP: 24/24 MP: 5/5
  1997 | D:2      | Reached XP level 4. HP: 29/29 MP: 2/6
  2244 | D:2      | Found a runed door.
  2248 | D:2      | Noticed Crazy Yiuf
  2255 | D:2      | Slain by Crazy Yiuf

Skill      XL: |  1  2  3 |
---------------+----------+-----
Fighting       | 2 |  2.0
Long Blades    | 3 |  3.7
Armour         | |  1.2
Dodging        | |  1.1
Spellcasting   | |  1.5
Charms         | |  3.7

Action                   |  1- 3 |  4- 6 || total
-------------------------+-------+-------++-------
Melee: Falchion          |   126 |    31 ||   157
 Cast: Infusion          |     2 |     2 ||     4
  Use: Potion            |       |     3 ||     3
 Stab: Sleeping          |     1 |       ||     1
  Eat: Chunk             |     3 |     1 ||     4
Armor: Leather armour    |    37 |     5 ||    42
Dodge: Dodged            |    98 |    28 ||   126
       Rpst.: Falchion   |    34 |    12 ||    46
